 Dungeon Crawl Stone Soup version 0.26-a0-30-g56b8cd3df0 (webtiles) character file.

Game seed: 14506762539630134741, levelgen mode: deterministic

2 vurker the Grave Robber (level 1, -3/13 HPs)
             Began as a Demonspawn Necromancer on June 3, 2020.
             Slain by a leopard gecko (5 damage)
             ... on level 1 of the Dungeon.
             The game lasted 00:00:14 (30 turns).

vurker the Grave Robber (Demonspawn Necromancer)      Turns: 30, Time: 00:00:15

Health: -3/13      AC:  2    Str:  8    XL:     1   Next: 33%
Magic:  0/3        EV: 12    Int: 16    God:
Gold:   0          SH:  0    Dex: 13    Spells: 3/4 levels left

rFire    . . .     SeeInvis .   (no weapon)
rCold    . . .     Gourm    .   (no shield)
rNeg     . . .     Faith    .   a - +0 robe
rPois    .         Spirit   .   (no helmet)
rElec    .         Reflect  .   (no cloak)
rCorr    .         Harm     .   (no gloves)
MR       .....                  (no boots)
Stlth    ++........             (no amulet)
HPRegen  0.04/turn              (no ring)
MPRegen  0.08/turn              (no ring)

@: no status effects
A: no striking features
a: no special abilities


You were on level 1 of the Dungeon.
You were not hungry.

You visited 1 branch of the dungeon, and saw 1 of its levels.

Inventory:

Armour
 a - a +0 robe (worn)
Comestibles
 e - a ration


   Skills:
 + Level 0.1 Fighting
 - Level 1.7 Dodging
 - Level 1.7 Stealth
 * Level 2.0 Spellcasting
 * Level 4.4 Necromancy


You had 3 spell levels left.
You knew the following spells:

 Your Spells              Type           Power        Failure   Level  Hunger
a - Pain                  Necr           ###.         3%          1    #......

Your spell library contained the following spells:

 Spells                   Type           Power        Failure   Level  Hunger
 Animate Skeleton         Necr           N/A          3%          1    #......
 Vampiric Draining        Necr           ###.......   10%         3    ###....
 Animate Dead             Necr           N/A          32%         4    #####..
 Agony                    Necr           ###.....     67%         5    ######.


Dungeon Overview and Level Annotations

Branches:
Dungeon (1/15)

Altars:


Message History

Welcome, vurker the Demonspawn Necromancer.
The bosom of this dungeon contains the transcendent artefact, the Orb of Zot.
Found a staircase leading out of the dungeon.
Found 16 arrows. (m)acro, (M)acro raw, keymap [(k) default, (x) level-map, (t)argeting, (c)onfirm, m(e)nu], (s)ave?
Input macro trigger key: 1 Current Action: za Do you wish to (r)edefine, (c)lear, or (a)bort?
Input macro action: zaf Created macro '1' => 'zaf'.
You see here 16 arrows.
Found a ration and 11 gold pieces.
Found 12 gold pieces.
Found a stone staircase leading down.
A dart slug comes into view.
A dart slug is nearby!
A leopard gecko comes into view.
You see here 11 gold pieces.
You can't see any susceptible monsters within range! (Use Z to cast anyway.)
You can't see any susceptible monsters within range! (Use Z to cast anyway.)
Aim: a dart slug (asleep, chance to defeat MR: 85%)
The dart slug writhes in agony.
The dart slug launches a dart at you. The slug dart misses you.
Aim: a dart slug (severely wounded, chance to defeat MR: 85%)
The dart slug writhes in agony.
You kill the dart slug!
Aim: a leopard gecko (chance to defeat MR: 85%)
The leopard gecko writhes in agony.
You don't have enough magic to cast that spell.
You hit the leopard gecko but do no damage.
The leopard gecko completely misses you.
You hit the leopard gecko but do no damage.
The leopard gecko bites you.
You barely miss the leopard gecko. The leopard gecko barely misses you.
You closely miss the leopard gecko. The leopard gecko bites you.
You hit the leopard gecko but do no damage.
The leopard gecko bites you.
The leopard gecko completely misses you.
You closely miss the leopard gecko. The leopard gecko bites you.
* * * LOW HITPOINT WARNING * * *
You barely miss the leopard gecko. The leopard gecko closely misses you.
You hit the leopard gecko but do no damage.
The leopard gecko bites you.
You die...

... #.#....# ...
.......# ...† $......#
..... ......#
.....##.....#
..........###
#..l.>..... #..@..#
..#...$.#### ######
.......%....####....##
..##..........##......#
#....####..##..##..##
....... #(.##..#..<.#
........ #..##..#....#
........ #..##..##..##
....... #......##...


You could see a leopard gecko.

Vanquished Creatures
  A dart slug (D:1)
1 creature vanquished.

Notes
Turn   | Place    | Note
-------+----------+-------------------------------------------
     0 | D:1      | vurker the Demonspawn Necromancer began the quest for the
                  | Orb.
     0 | D:1      | Reached XP level 1. HP: 13/13 MP: 3/3
    30 | D:1      | Slain by a leopard gecko

Illustrated notes

Levels and vault maps discovered:
D:1:      minmay_arrival_wavy_path, layout_basic, minmay_split_cup_small

Action                   || total
-------------------------++-------
Melee: Unarmed           ||     8
 Cast: Pain              ||     3
Dodge: Dodged            ||     5

Table legend:
 A = Non-vault XP
 B = Vault XP
 C = Vault XP percentage of total XP
 D = Non-vault monster count
 E = Vault monster count
 F = Vault count percentage of total count
                 A         B        C        D         E       F
            +---------+---------+-------+---------+---------+-------
      Total |       4 |       0 |   0.0 |       1 |       0 |   0.0
            +---------+---------+-------+---------+---------+-------
        D:1 |       4 |       0 |   0.0 |       1 |       0 |   0.0
            +---------+---------+-------+---------+---------+-------
